[ PARTIDA AOE2 · #482212171 ]
Team RMMagiares vs Franks
[ ANÁLISIS DE REPETICIÓN · EXTRAÍDO DE LA PARTIDA GRABADA ]
Feudal
10:14
Castillos
21:32
Imperial
40:27
| APM promedio | 35.6 |
| APM pico | 86 |
| eAPM promedio | 24.0 |
| Aldeanos / militares | 350 / 547 |
Foco
⚔️ 48.1% · 🌾 51.9%
Spearman ×237 · Skirmisher ×105 · Cavalry Archer ×100 · Magyar Huszar ×80 · Trade Cart ×30 · Trebuchet (Packed) ×10
Feudal
11:19
Castillos
21:11
Imperial
38:49
| APM promedio | 29.9 |
| APM pico | 94 |
| eAPM promedio | 16.8 |
| Aldeanos / militares | 149 / 468 |
Foco
⚔️ 55.2% · 🌾 44.8%
Longbowman ×176 · Spearman ×151 · Skirmisher ×111 · Trebuchet (Packed) ×16 · Battering Ram ×9 · Trade Cart ×4
Feudal
—
Castillos
—
Imperial
—
| APM promedio | 14.3 |
| APM pico | 66 |
| eAPM promedio | 11.9 |
| Aldeanos / militares | 147 / 774 |
Foco
⚔️ 47.1% · 🌾 52.9%
Spearman ×319 · Skirmisher ×254 · Conquistador ×144 · Bombard Cannon ×53 · Trade Cart ×6 · Missionary ×2
Feudal
11:23
Castillos
27:10
Imperial
37:30
| APM promedio | 30.1 |
| APM pico | 69 |
| eAPM promedio | 12.7 |
| Aldeanos / militares | 87 / 443 |
Foco
⚔️ 32.4% · 🌾 67.6%
Scout Cavalry ×182 · Knight ×167 · Skirmisher ×81 · Trebuchet (Packed) ×8 · Spearman ×5
Mapa de la partida
Recursos al inicio + cada clic de construcción. Línea gruesa = muro · recuadro discontinuo = muro de casas detectado. 🟡 oro · ⚪ piedra · 🟢 bayas · 🔶 jabalí · ⭕ reliquia
Inputs por minuto
— rafał - - is+
Build order — rafał
Primeras 150 de 955 acciones detectadas
| 0:01 | Crear | Villager (Male) |
| 0:01 | Crear | Villager (Male) |
| 0:02 | Crear | Villager (Male) |
| 0:02 | Crear | Villager (Male) |
| 0:06 | Construir | House |
| 0:08 | Construir | House |
| 1:35 | Crear | Villager (Male) |
| 1:35 | Crear | Villager (Male) |
| 2:06 | Crear | Villager (Male) |
| 2:06 | Crear | Villager (Male) |
| 2:28 | Crear | Villager (Male) |
| 2:29 | Crear | Villager (Male) |
| 2:29 | Crear | Villager (Male) |
| 2:41 | Construir | Lumber Camp |
| 3:28 | Crear | Villager (Male) |
| 3:28 | Crear | Villager (Male) |
| 3:43 | Construir | House |
| 3:53 | Crear | Villager (Male) |
| 3:54 | Crear | Villager (Male) |
| 3:54 | Crear | Villager (Male) |
| 3:54 | Crear | Villager (Male) |
| 4:20 | Construir | House |
| 4:24 | Construir | Palisade Wall |
| 4:34 | Crear | Villager (Male) |
| 4:36 | Investigar | Loom |
| 5:09 | Crear | Villager (Male) |
| 5:09 | Crear | Villager (Male) |
| 5:23 | Crear | Villager (Male) |
| 5:50 | Crear | Villager (Male) |
| 5:52 | Crear | Villager (Male) |
| 6:00 | Construir | Mill |
| 6:04 | Crear | Villager (Male) |
| 7:14 | Crear | Villager (Male) |
| 7:31 | Crear | Villager (Male) |
| 7:41 | Crear | Villager (Male) |
| 7:56 | Investigar | Feudal Age |
| 7:56 | Investigar | Loom |
| 8:39 | Construir | Mining Camp |
| 9:32 | Crear | Villager (Male) |
| 10:14 | Edad | Edad Feudal |
| 10:18 | Construir | Barracks |
| 10:22 | Crear | Villager (Male) |
| 10:27 | Investigar | Double-Bit Axe |
| 10:33 | Construir | Farm |
| 10:36 | Construir | Farm |
| 10:56 | Construir | Farm |
| 10:57 | Crear | Villager (Male) |
| 11:04 | Construir | Palisade Wall |
| 11:05 | Crear | Spearman |
| 11:06 | Crear | Spearman |
| 11:13 | Construir | House |
| 11:15 | Construir | House |
| 11:22 | Construir | Palisade Wall |
| 11:35 | Construir | Stable |
| 11:53 | Construir | House |
| 12:21 | Crear | Scout Cavalry |
| 12:21 | Crear | Scout Cavalry |
| 12:24 | Construir | Palisade Wall |
| 12:25 | Crear | Scout Cavalry |
| 12:30 | Crear | Villager (Male) |
| 13:01 | Construir | Farm |
| 13:09 | Construir | House |
| 13:11 | Construir | House |
| 13:22 | Crear | Villager (Male) |
| 13:25 | Construir | Farm |
| 13:35 | Construir | Farm |
| 13:46 | Construir | Palisade Wall |
| 13:48 | Construir | Palisade Wall |
| 13:53 | Crear | Villager (Male) |
| 14:06 | Crear | Scout Cavalry |
| 14:07 | Crear | Scout Cavalry |
| 14:50 | Construir | Farm |
| 14:53 | Construir | Farm |
| 14:58 | Construir | Market |
| 15:07 | Crear | Villager (Male) ×5 |
| 15:08 | Crear | Villager (Male) |
| 15:27 | Crear | Villager (Male) |
| 15:45 | Construir | House |
| 16:31 | Construir | Palisade Wall |
| 16:33 | Construir | Blacksmith |
| 16:35 | Crear | Villager (Male) |
| 16:38 | Construir | Farm |
| 17:29 | Construir | House |
| 17:34 | Construir | Farm |
| 17:35 | Construir | Farm |
| 17:35 | Crear | Villager (Male) |
| 17:53 | Construir | House |
| 17:59 | Construir | Farm |
| 18:04 | Construir | Farm |
| 18:05 | Crear | Villager (Male) |
| 18:18 | Construir | Farm |
| 18:30 | Construir | Palisade Wall |
| 18:32 | Construir | Farm |
| 18:48 | Investigar | Castle Age |
| 19:44 | Construir | Farm |
| 19:48 | Construir | Archery Range |
| 19:58 | Construir | Archery Range |
| 20:15 | Construir | Farm |
| 20:20 | Investigar | Fletching |
| 20:25 | Construir | Archery Range |
| 20:28 | Investigar | Gold Mining |
| 20:58 | Construir | Lumber Camp |
| 21:32 | Edad | Edad de los Castillos |
| 21:40 | Investigar | Bloodlines |
| 21:41 | Crear | Cavalry Archer |
| 21:41 | Crear | Cavalry Archer |
| 21:42 | Crear | Cavalry Archer |
| 21:42 | Crear | Cavalry Archer |
| 21:42 | Crear | Cavalry Archer |
| 21:53 | Construir | Farm |
| 22:07 | Investigar | Horse Collar |
| 22:07 | Investigar | Horse Collar |
| 22:10 | Crear | Cavalry Archer |
| 22:10 | Crear | Cavalry Archer |
| 22:27 | Crear | Cavalry Archer |
| 22:27 | Crear | Villager (Male) ×5 |
| 22:39 | Construir | Farm |
| 22:41 | Crear | Villager (Male) |
| 22:42 | Crear | Villager (Male) |
| 22:53 | Investigar | Wheelbarrow |
| 23:03 | Crear | Villager (Male) |
| 23:03 | Crear | Villager (Male) |
| 23:20 | Crear | Cavalry Archer |
| 23:21 | Crear | Cavalry Archer |
| 23:21 | Crear | Cavalry Archer |
| 23:21 | Crear | Cavalry Archer |
| 23:22 | Crear | Villager (Male) |
| 23:35 | Crear | Villager (Male) |
| 23:53 | Investigar | Bow Saw |
| 24:10 | Construir | House |
| 24:14 | Construir | House |
| 24:18 | Construir | Palisade Wall |
| 24:34 | Construir | Town Center |
| 24:40 | Crear | Villager (Male) |
| 24:40 | Crear | Villager (Male) |
| 24:45 | Crear | Villager (Male) ×3 |
| 24:46 | Crear | Villager (Male) |
| 24:51 | Construir | Farm |
| 24:52 | Construir | Farm |
| 25:01 | Crear | Villager (Male) |
| 25:02 | Crear | Villager (Male) |
| 25:17 | Construir | Farm |
| 25:20 | Construir | Farm |
| 25:21 | Crear | Villager (Male) |
| 25:21 | Crear | Villager (Male) |
| 25:24 | Crear | Cavalry Archer |
| 25:24 | Crear | Cavalry Archer |
| 25:24 | Crear | Cavalry Archer |
| 25:25 | Crear | Cavalry Archer |
| 25:47 | Construir | Farm |
Build order — is+
Primeras 150 de 814 acciones detectadas
| 0:02 | Construir | House |
| 0:04 | Construir | House |
| 0:07 | Crear | Villager (Male) |
| 0:07 | Crear | Villager (Male) |
| 0:07 | Crear | Villager (Male) |
| 0:08 | Crear | Villager (Male) |
| 0:08 | Crear | Villager (Male) |
| 2:16 | Crear | Villager (Male) |
| 2:16 | Crear | Villager (Male) |
| 2:17 | Crear | Villager (Male) |
| 2:20 | Investigar | Loom |
| 2:22 | Crear | Villager (Male) |
| 2:38 | Crear | Villager (Male) |
| 2:38 | Crear | Villager (Male) |
| 3:36 | Crear | Villager (Male) |
| 3:36 | Crear | Villager (Male) |
| 4:41 | Construir | Lumber Camp |
| 5:13 | Construir | House |
| 5:16 | Crear | Villager (Male) |
| 5:18 | Crear | Villager (Male) |
| 5:36 | Construir | Mill |
| 5:50 | Crear | Villager (Male) |
| 5:51 | Crear | Villager (Male) |
| 5:51 | Crear | Villager (Male) |
| 5:51 | Crear | Villager (Male) |
| 7:52 | Construir | Mining Camp |
| 8:01 | Construir | Barracks |
| 9:09 | Investigar | Feudal Age |
| 9:13 | Construir | House |
| 9:54 | Crear | Villager (Male) |
| 10:16 | Construir | Lumber Camp |
| 11:14 | Construir | House |
| 11:19 | Edad | Edad Feudal |
| 11:20 | Crear | Villager (Male) |
| 11:21 | Crear | Villager (Male) |
| 11:25 | Investigar | Double-Bit Axe |
| 12:07 | Construir | Farm |
| 12:21 | Construir | Farm |
| 12:22 | Construir | Farm |
| 12:23 | Construir | Farm |
| 12:24 | Construir | Farm |
| 12:25 | Construir | Farm |
| 12:29 | Construir | Farm |
| 12:31 | Crear | Villager (Male) |
| 12:52 | Construir | Blacksmith |
| 13:25 | Crear | Villager (Male) |
| 13:25 | Crear | Villager (Male) |
| 13:31 | Crear | Spearman |
| 13:31 | Crear | Spearman |
| 14:30 | Construir | Market |
| 14:36 | Crear | Villager (Male) |
| 14:36 | Crear | Villager (Male) |
| 15:01 | Crear | Spearman |
| 15:01 | Crear | Spearman |
| 15:19 | Crear | Villager (Male) |
| 15:20 | Crear | Villager (Male) |
| 15:32 | Construir | House |
| 15:38 | Investigar | Wheelbarrow |
| 16:31 | Construir | Farm |
| 17:22 | Crear | Spearman |
| 17:23 | Crear | Spearman |
| 17:35 | Construir | Farm |
| 17:40 | Construir | Farm |
| 17:41 | Construir | Farm |
| 17:43 | Construir | Farm |
| 17:44 | Construir | Farm |
| 18:31 | Investigar | Castle Age |
| 18:44 | Construir | Mining Camp |
| 19:42 | Construir | Stone Wall |
| 19:56 | Investigar | Stone Mining |
| 20:01 | Investigar | Gold Mining |
| 20:20 | Construir | House |
| 20:22 | Construir | House |
| 20:23 | Construir | House |
| 20:24 | Construir | House |
| 20:25 | Construir | House |
| 20:26 | Construir | House |
| 20:28 | Construir | House |
| 20:31 | Construir | House |
| 20:37 | Construir | House |
| 21:02 | Crear | Villager (Male) |
| 21:02 | Crear | Villager (Male) |
| 21:11 | Edad | Edad de los Castillos |
| 21:25 | Construir | Town Center |
| 21:31 | Construir | Farm |
| 21:33 | Construir | Farm |
| 21:35 | Construir | Farm |
| 21:38 | Investigar | Bow Saw |
| 22:20 | Construir | Town Center |
| 22:26 | Crear | Villager (Male) |
| 22:26 | Crear | Villager (Male) |
| 22:28 | Crear | Villager (Male) |
| 22:28 | Crear | Villager (Male) |
| 22:48 | Crear | Villager (Male) |
| 22:48 | Crear | Villager (Male) |
| 23:15 | Construir | Monastery |
| 23:34 | Construir | Stone Wall |
| 23:46 | Construir | Stone Wall |
| 23:56 | Construir | Building 673 |
| 24:05 | Construir | Stone Wall |
| 24:15 | Crear | Villager (Male) |
| 24:16 | Crear | Villager (Male) |
| 24:18 | Crear | Villager (Male) |
| 24:18 | Crear | Villager (Male) |
| 24:19 | Crear | Villager (Male) |
| 24:19 | Crear | Villager (Male) |
| 24:42 | Construir | University |
| 24:44 | Crear | Villager (Male) |
| 24:45 | Crear | Villager (Male) |
| 24:46 | Crear | Villager (Male) |
| 24:52 | Crear | Villager (Male) |
| 24:52 | Crear | Villager (Male) |
| 25:18 | Construir | Castle |
| 25:22 | Crear | Villager (Male) |
| 25:22 | Crear | Villager (Male) |
| 25:24 | Crear | Villager (Male) |
| 25:25 | Crear | Villager (Male) |
| 25:26 | Crear | Villager (Male) |
| 25:39 | Investigar | Horse Collar |
| 25:41 | Investigar | Bow Saw |
| 26:03 | Crear | Villager (Male) |
| 26:03 | Crear | Villager (Male) |
| 26:41 | Construir | Siege Workshop |
| 27:17 | Investigar | Pikeman (upgrade) |
| 27:22 | Crear | Mangonel |
| 27:40 | Crear | Villager (Male) |
| 27:41 | Crear | Villager (Male) |
| 28:53 | Crear | Villager (Male) |
| 28:53 | Crear | Villager (Male) |
| 28:54 | Crear | Villager (Male) |
| 28:54 | Crear | Villager (Male) |
| 28:54 | Crear | Villager (Male) |
| 29:37 | Crear | Longbowman |
| 29:38 | Crear | Longbowman |
| 29:46 | Construir | Farm |
| 30:00 | Crear | Longbowman |
| 30:20 | Crear | Longbowman |
| 30:20 | Crear | Longbowman |
| 30:23 | Crear | Villager (Male) |
| 30:26 | Investigar | Ballistics |
| 30:49 | Construir | Mining Camp |
| 30:57 | Construir | Stone Wall |
| 31:02 | Crear | Longbowman |
| 31:02 | Crear | Longbowman |
| 31:09 | Construir | Farm |
| 31:11 | Construir | Farm |
| 31:13 | Construir | Farm |
| 31:15 | Construir | Farm |
| 31:27 | Construir | Mining Camp |
| 31:29 | Crear | Longbowman |
Build order — Gwynbleidd1402
Primeras 150 de 626 acciones detectadas
| 0:02 | Crear | Villager (Male) |
| 0:03 | Crear | Villager (Male) |
| 0:04 | Construir | House |
| 0:08 | Construir | House |
| 0:13 | Crear | Villager (Male) |
| 0:13 | Crear | Villager (Male) |
| 1:42 | Crear | Villager (Male) |
| 1:42 | Crear | Villager (Male) |
| 2:09 | Crear | Villager (Male) |
| 2:09 | Crear | Villager (Male) |
| 2:19 | Construir | Lumber Camp |
| 2:44 | Crear | Villager (Male) |
| 2:44 | Crear | Villager (Male) |
| 3:02 | Crear | Villager (Male) |
| 3:31 | Crear | Villager (Male) |
| 3:32 | Crear | Villager (Male) |
| 3:40 | Construir | House |
| 4:17 | Construir | House |
| 4:39 | Construir | Mill |
| 4:44 | Crear | Villager (Male) |
| 4:44 | Crear | Villager (Male) |
| 4:44 | Crear | Villager (Male) |
| 4:44 | Crear | Villager (Male) |
| 4:51 | Construir | Palisade Wall |
| 5:31 | Construir | Palisade Wall |
| 5:40 | Crear | Villager (Male) |
| 5:40 | Crear | Villager (Male) |
| 5:53 | Crear | Villager (Male) |
| 5:54 | Crear | Villager (Male) |
| 6:31 | Crear | Villager (Male) |
| 6:31 | Crear | Villager (Male) |
| 6:35 | Investigar | Loom |
| 7:47 | Construir | Palisade Wall |
| 8:02 | Construir | Palisade Wall |
| 9:13 | Investigar | Feudal Age |
| 9:54 | Construir | Palisade Wall |
| 10:04 | Crear | Villager (Male) |
| 10:05 | Crear | Villager (Male) |
| 10:05 | Crear | Villager (Male) |
| 10:05 | Crear | Villager (Male) |
| 10:28 | Construir | Palisade Wall |
| 12:19 | Crear | Villager (Male) |
| 12:20 | Crear | Villager (Male) |
| 12:20 | Crear | Villager (Male) |
| 12:20 | Crear | Villager (Male) |
| 12:27 | Construir | Barracks |
| 12:50 | Construir | Farm |
| 12:51 | Construir | Farm |
| 12:52 | Construir | Farm |
| 13:12 | Construir | Palisade Wall |
| 13:26 | Crear | Villager (Male) |
| 13:27 | Crear | Villager (Male) |
| 13:36 | Construir | Farm |
| 13:53 | Crear | Spearman |
| 13:53 | Crear | Spearman |
| 13:53 | Crear | Spearman |
| 14:14 | Construir | House |
| 14:17 | Construir | House |
| 14:20 | Construir | House |
| 14:21 | Construir | House |
| 15:19 | Crear | Villager (Male) |
| 15:19 | Crear | Villager (Male) |
| 15:20 | Crear | Villager (Male) |
| 15:39 | Construir | Farm |
| 15:50 | Construir | Mining Camp |
| 15:56 | Construir | House |
| 16:05 | Construir | Farm |
| 16:06 | Construir | Farm |
| 16:08 | Construir | Farm |
| 16:10 | Construir | Farm |
| 16:15 | Construir | Farm |
| 16:19 | Construir | Farm |
| 16:21 | Construir | Farm |
| 16:29 | Construir | Blacksmith |
| 16:54 | Construir | House |
| 17:06 | Construir | Palisade Gate |
| 17:13 | Crear | Villager (Male) |
| 17:13 | Crear | Villager (Male) |
| 17:13 | Crear | Villager (Male) |
| 17:14 | Crear | Villager (Male) |
| 17:14 | Crear | Villager (Male) |
| 17:17 | Investigar | Double-Bit Axe |
| 17:21 | Investigar | Horse Collar |
| 17:34 | Construir | House |
| 17:57 | Construir | Stable |
| 18:05 | Construir | House |
| 18:08 | Construir | House |
| 18:37 | Construir | Farm |
| 18:54 | Investigar | Wheelbarrow |
| 18:57 | Investigar | Gold Mining |
| 19:03 | Construir | Farm |
| 19:26 | Construir | Farm |
| 19:40 | Construir | Market |
| 19:48 | Construir | House |
| 19:49 | Construir | House |
| 19:52 | Construir | House |
| 20:38 | Construir | House |
| 20:40 | Construir | House |
| 20:42 | Construir | House |
| 21:30 | Construir | Barracks |
| 21:31 | Construir | Barracks |
| 22:06 | Construir | House |
| 22:33 | Investigar | Castle Age |
| 22:44 | Crear | Villager (Male) |
| 22:44 | Crear | Villager (Male) |
| 22:49 | Construir | House |
| 22:50 | Construir | House |
| 22:52 | Construir | House |
| 23:22 | Construir | Archery Range |
| 23:25 | Construir | Archery Range |
| 23:43 | Construir | Farm |
| 23:45 | Crear | Villager (Male) |
| 23:45 | Crear | Villager (Male) |
| 23:45 | Crear | Villager (Male) |
| 23:55 | Construir | Palisade Wall |
| 24:03 | Construir | Lumber Camp |
| 24:14 | Construir | House |
| 24:16 | Construir | House |
| 24:17 | Construir | House |
| 24:19 | Construir | House |
| 24:20 | Construir | House |
| 24:25 | Crear | Villager (Male) |
| 24:26 | Crear | Villager (Male) |
| 24:26 | Crear | Villager (Male) |
| 24:38 | Construir | Farm |
| 25:15 | Investigar | Fletching |
| 25:32 | Construir | Town Center |
| 26:06 | Crear | Villager (Male) |
| 26:06 | Crear | Villager (Male) |
| 26:06 | Crear | Villager (Male) |
| 26:07 | Crear | Villager (Male) |
| 26:42 | Crear | Villager (Male) |
| 26:42 | Crear | Villager (Male) |
| 26:42 | Crear | Villager (Male) |
| 26:45 | Investigar | Hand Cart |
| 27:25 | Construir | Town Center |
| 27:33 | Crear | Villager (Male) |
| 27:34 | Crear | Villager (Male) |
| 27:34 | Crear | Villager (Male) |
| 28:17 | Investigar | Bow Saw |
| 28:39 | Investigar | Heavy Plow |
| 29:27 | Construir | Farm |
| 29:41 | Crear | Villager (Male) |
| 29:41 | Crear | Villager (Male) |
| 29:42 | Crear | Villager (Male) |
| 29:42 | Crear | Villager (Male) |
| 29:45 | Crear | Villager (Male) |
| 29:45 | Crear | Villager (Male) |
| 29:45 | Crear | Villager (Male) |
| 29:46 | Crear | Villager (Male) |
Build order — agustinlopezfascio
Primeras 150 de 374 acciones detectadas
| 0:04 | Construir | House |
| 0:06 | Construir | House |
| 0:07 | Crear | Villager (Male) |
| 0:07 | Crear | Villager (Male) |
| 0:52 | Crear | Villager (Male) |
| 1:07 | Crear | Villager (Male) |
| 1:36 | Crear | Villager (Male) |
| 1:56 | Construir | Lumber Camp |
| 2:12 | Crear | Villager (Male) |
| 2:40 | Crear | Villager (Male) |
| 2:52 | Crear | Villager (Male) |
| 3:12 | Crear | Villager (Male) |
| 3:29 | Crear | Villager (Male) |
| 4:26 | Crear | Villager (Male) |
| 5:03 | Crear | Villager (Male) |
| 5:09 | Construir | House |
| 5:24 | Crear | Villager (Male) |
| 5:28 | Investigar | Loom |
| 5:29 | Crear | Villager (Male) |
| 5:55 | Crear | Villager (Male) |
| 6:31 | Crear | Villager (Male) |
| 7:35 | Crear | Villager (Male) |
| 7:36 | Crear | Villager (Male) |
| 7:45 | Construir | House |
| 8:31 | Construir | Mill |
| 8:54 | Construir | Lumber Camp |
| 9:09 | Crear | Villager (Male) |
| 9:13 | Investigar | Feudal Age |
| 9:14 | Crear | Villager (Male) |
| 9:15 | Crear | Villager (Male) |
| 10:35 | Construir | Barracks |
| 10:43 | Construir | House |
| 11:09 | Construir | Palisade Wall |
| 11:10 | Construir | Palisade Wall |
| 11:19 | Construir | Farm |
| 11:20 | Construir | Farm |
| 11:23 | Edad | Edad Feudal |
| 11:28 | Construir | Farm |
| 11:30 | Crear | Villager (Male) |
| 11:30 | Crear | Villager (Male) |
| 12:34 | Crear | Villager (Male) |
| 12:34 | Crear | Villager (Male) |
| 13:19 | Construir | Stable |
| 13:31 | Construir | Farm |
| 13:34 | Construir | Farm |
| 13:36 | Construir | Farm |
| 13:42 | Crear | Villager (Male) |
| 13:42 | Crear | Villager (Male) |
| 13:43 | Crear | Villager (Male) |
| 13:49 | Construir | House |
| 14:08 | Crear | Spearman |
| 14:24 | Construir | Farm |
| 14:26 | Construir | Farm |
| 14:28 | Construir | Farm |
| 14:37 | Construir | Farm |
| 14:41 | Construir | Farm |
| 14:43 | Construir | Farm |
| 15:21 | Crear | Villager (Male) |
| 15:22 | Crear | Villager (Male) |
| 15:22 | Crear | Villager (Male) |
| 15:33 | Construir | Farm |
| 15:35 | Construir | Farm |
| 15:37 | Construir | Farm |
| 15:50 | Crear | Spearman |
| 16:06 | Construir | House |
| 16:11 | Construir | House |
| 16:12 | Construir | House |
| 16:14 | Construir | House |
| 16:31 | Investigar | Double-Bit Axe |
| 16:31 | Investigar | Double-Bit Axe |
| 17:14 | Crear | Scout Cavalry ×5 |
| 17:19 | Crear | Villager (Male) |
| 17:19 | Crear | Villager (Male) |
| 17:19 | Crear | Villager (Male) |
| 17:19 | Crear | Villager (Male) |
| 17:28 | Crear | Spearman |
| 17:58 | Construir | Farm |
| 18:01 | Construir | Farm |
| 18:05 | Construir | Farm |
| 18:21 | Construir | Blacksmith |
| 18:24 | Construir | Market |
| 18:29 | Construir | House |
| 18:31 | Construir | House |
| 18:33 | Construir | House |
| 18:34 | Construir | House |
| 18:46 | Crear | Villager (Male) |
| 18:46 | Crear | Villager (Male) |
| 18:46 | Crear | Villager (Male) |
| 18:54 | Construir | Farm |
| 18:57 | Construir | Farm |
| 19:51 | Crear | Villager (Male) |
| 19:52 | Crear | Villager (Male) |
| 19:53 | Crear | Villager (Male) |
| 19:59 | Construir | Farm |
| 20:00 | Construir | Farm |
| 20:02 | Construir | Farm |
| 20:10 | Construir | Farm |
| 20:15 | Crear | Villager (Male) |
| 21:07 | Construir | Mining Camp |
| 21:43 | Crear | Villager (Male) |
| 21:43 | Crear | Villager (Male) |
| 21:43 | Crear | Villager (Male) |
| 21:58 | Construir | House |
| 21:59 | Construir | House |
| 22:01 | Construir | House |
| 22:03 | Construir | House |
| 22:05 | Construir | House |
| 22:07 | Construir | House |
| 22:09 | Construir | House |
| 22:11 | Construir | House |
| 22:13 | Construir | House |
| 22:15 | Construir | House |
| 22:56 | Crear | Villager (Male) |
| 22:56 | Crear | Villager (Male) |
| 23:13 | Investigar | Gold Mining |
| 23:37 | Crear | Villager (Male) |
| 23:38 | Crear | Villager (Male) |
| 23:40 | Crear | Villager (Male) |
| 23:50 | Construir | Mill |
| 23:52 | Construir | Farm |
| 23:53 | Construir | Farm |
| 24:28 | Investigar | Castle Age |
| 24:35 | Construir | House |
| 24:37 | Construir | House |
| 24:38 | Construir | House |
| 24:39 | Construir | House |
| 24:40 | Construir | House |
| 24:42 | Construir | House |
| 24:43 | Construir | House |
| 24:47 | Construir | Palisade Wall |
| 24:59 | Investigar | Scale Barding Armor |
| 25:09 | Construir | Farm |
| 25:10 | Construir | Farm |
| 26:07 | Construir | Palisade Wall |
| 26:09 | Construir | Palisade Wall |
| 26:17 | Construir | Farm |
| 26:23 | Construir | Farm |
| 26:37 | Investigar | Wheelbarrow |
| 26:38 | Crear | Villager (Male) |
| 26:38 | Crear | Villager (Male) |
| 26:39 | Crear | Villager (Male) |
| 26:39 | Crear | Villager (Male) |
| 26:40 | Crear | Villager (Male) |
| 26:46 | Construir | Farm |
| 27:10 | Edad | Edad de los Castillos |
| 27:12 | Construir | Stable |
| 27:21 | Investigar | Husbandry |
| 27:34 | Construir | Palisade Wall |
| 27:41 | Construir | Farm |
| 27:50 | Construir | Farm |
Cronología de la partida
| 4:24 | rafał · wall_segment Palisade Wall x3 |
| 4:51 | Gwynbleidd1402 · wall_segment Palisade Wall x5 |
| 5:31 | Gwynbleidd1402 · wall_segment Palisade Wall x20 |
| 7:47 | Gwynbleidd1402 · wall_segment Palisade Wall x19 |
| 8:01 | is+ · first_building Barracks |
| 8:02 | Gwynbleidd1402 · wall_segment Palisade Wall x16 |
| 9:54 | Gwynbleidd1402 · wall_segment Palisade Wall x7 |
| 10:14 | rafał · age_up feudal |
| 10:18 | rafał · first_building Barracks |
| 10:28 | Gwynbleidd1402 · wall_segment Palisade Wall x11 |
| 10:35 | agustinlopezfascio · first_building Barracks |
| 11:04 | rafał · wall_segment Palisade Wall x1 |
| 11:09 | agustinlopezfascio · wall_segment Palisade Wall x1 |
| 11:10 | agustinlopezfascio · wall_segment Palisade Wall x1 |
| 11:19 | is+ · age_up feudal |
| 11:22 | rafał · wall_segment Palisade Wall x9 |
| 11:23 | agustinlopezfascio · age_up feudal |
| 11:35 | rafał · first_building Stable |
| 12:24 | rafał · wall_segment Palisade Wall x5 |
| 12:27 | Gwynbleidd1402 · first_building Barracks |
| 13:12 | Gwynbleidd1402 · wall_segment Palisade Wall x23 |
| 13:19 | agustinlopezfascio · first_building Stable |
| 13:46 | rafał · wall_segment Palisade Wall x3 |
| 13:48 | rafał · wall_segment Palisade Wall x1 |
| 16:31 | rafał · wall_segment Palisade Wall x12 |
| 17:57 | Gwynbleidd1402 · first_building Stable |
| 17:59 | is+ · first_market_buy 100 food |
| 18:30 | rafał · wall_segment Palisade Wall x5 |
| 18:41 | rafał · first_market_buy 100 food |
| 19:42 | is+ · wall_segment Stone Wall x17 |
| 19:48 | rafał · first_building Archery Range |
| 21:11 | is+ · age_up castle |
| 21:32 | rafał · age_up castle |
| 23:15 | is+ · first_building Monastery |
| 23:22 | Gwynbleidd1402 · first_building Archery Range |
| 23:34 | is+ · wall_segment Stone Wall x15 |
| 23:46 | is+ · wall_segment Stone Wall x17 |
| 23:55 | Gwynbleidd1402 · wall_segment Palisade Wall x1 |
| 24:05 | is+ · wall_segment Stone Wall x11 |
| 24:18 | rafał · wall_segment Palisade Wall x2 |
| 24:25 | agustinlopezfascio · first_market_sell 100 stone |
| 24:47 | agustinlopezfascio · wall_segment Palisade Wall x2 |
| 25:18 | is+ · first_building Castle |
| 26:07 | agustinlopezfascio · wall_segment Palisade Wall x1 |
| 26:09 | agustinlopezfascio · wall_segment Palisade Wall x1 |
| 26:41 | is+ · first_building Siege Workshop |
| 27:05 | Gwynbleidd1402 · first_market_buy 100 wood |
| 27:10 | agustinlopezfascio · age_up castle |
| 27:34 | agustinlopezfascio · wall_segment Palisade Wall x1 |
| 28:15 | agustinlopezfascio · wall_segment Palisade Wall x3 |
| 30:57 | is+ · wall_segment Stone Wall x1 |
| 31:23 | Gwynbleidd1402 · first_building Monastery |
| 32:07 | is+ · wall_segment Stone Wall x15 |
| 32:30 | Gwynbleidd1402 · first_building Castle |
| 33:02 | agustinlopezfascio · first_building Monastery |
| 33:08 | is+ · wall_segment Stone Wall x6 |
| 34:21 | is+ · wall_segment Stone Wall x1 |
| 35:01 | agustinlopezfascio · wall_segment Palisade Wall x4 |
| 35:16 | is+ · first_market_sell 100 wood |
| 35:38 | agustinlopezfascio · first_market_buy 100 stone |
| 36:40 | rafał · first_building Monastery |
| 36:56 | Gwynbleidd1402 · first_building Siege Workshop |
| 37:02 | rafał · first_building Castle |
| 37:30 | agustinlopezfascio · age_up imperial |
| 38:49 | is+ · age_up imperial |
| 40:27 | rafał · age_up imperial |
| 40:29 | agustinlopezfascio · wall_segment Palisade Wall x1 |
| 40:30 | agustinlopezfascio · wall_segment Palisade Wall x1 |
| 40:30 | agustinlopezfascio · wall_segment Palisade Wall x1 |
| 46:50 | is+ · wall_segment Stone Wall x5 |
| 48:42 | rafał · first_market_sell 100 wood |
| 48:53 | agustinlopezfascio · first_building Castle |
| 56:18 | agustinlopezfascio · first_building Archery Range |
| 68:25 | is+ · first_building Archery Range |
| 69:36 | rafał · wall_segment Stone Wall x7 |
| 85:27 | agustinlopezfascio · resign |
[ ANÁLISIS IA · 1 CRÉDITO ]
¿Qué pasó realmente en esta partida?
Wolo.gg analiza cada decisión: build order, eco, micro, errores típicos por bracket. Análisis personalizado por WhatsApp o Discord en 30 segundos.
Guía civ
Magiares
Guía mapa
Arabia
Perfil
rafał